 Dungeon Crawl Stone Soup version 0.31-a0-271-gb88eb75e06 (webtiles) character file.

Game seed: 14940062639231362051

30 Iniera the Ducker (level 3, -2/24 HPs)
             Began as a Kobold Monk on July 15, 2023.
             Slain by an ogre
             ... wielding a +0 giant club
              (20 damage)
             ... on level 3 of the Dungeon.
             The game lasted 00:01:22 (2030 turns).

Iniera the Ducker (Kobold Monk)                     Turns: 2030, Time: 00:01:23

Health: -2/24      AC: 13    Str:  8    XL:     3   Next: 37%
Magic:  3/3        EV: 10    Int: 11    God:
Gold:   91         SH:  0    Dex: 19    Spells: 2/2 levels left

rFire   . . .        a - +0 falchion
rCold   + . .        d - orb {light}
rNeg    + . .        h - +0 pearl dragon scales
rPois   .            (no helmet)
rElec   .            i - +2 cloak
rCorr   .            (no gloves)
SInv    .            (no boots)
Will    .....        (no amulet)
Stlth   +            b - ring of protection from cold
HPRegen 0.24/turn    (no ring)
MPRegen 0.08/turn

%: no passive effects
@: glowing
A: small, no large weapons, nightstalker 3
a: no special abilities


You were on level 3 of the Dungeon.
You visited 1 branch of the dungeon, and saw 3 of its levels.

You collected 91 gold pieces.

Inventory:

Hand Weapons
 a - a +0 falchion (weapon)
Missiles
 j - 6 poisoned darts
Armour
 d - an orb of light (worn)
 h - +0 pearl dragon scales (worn)
 i - a +2 cloak (worn)
Jewellery
 b - a ring of protection from cold (left hand)
Potions
 c - a potion of ambrosia
 e - 2 potions of curing {unknown}
 f - a potion of lignification {unknown}
 g - a potion of invisibility {unknown}


   Skills:
 + Level 3.6 Fighting
 + Level 2.7 Long Blades
 * Level 4.4 Dodging


You had 2 spell levels left.
You didn't know any spells.
Your spell library contained the following spells:

 Spells                   Type           Power      Damage    Failure   Level
 Vhi's Electric Charge    Tloc/Air       0%         N/A       100%        3
 Arcjolt                  Conj/Air       0%         1d10      100%        5
 Maxwell's Capacitive Co  Air            0%         ∞         100%        8


Dungeon Overview and Level Annotations

Branches:
Dungeon (3/15)

Altars:
Vehumet


Innate Abilities, Weirdness & Mutations

You are small and have problems with some larger weapons.
You are completely attuned to the shadows.


Message History

There is a stone staircase leading up here.
A hobgoblin comes into view.
A hobgoblin is nearby!
You barely miss the hobgoblin.
The hobgoblin hits you but does no damage.
You hit the hobgoblin.
The hobgoblin is severely wounded.
The hobgoblin barely misses you.
You barely miss the hobgoblin.
The hobgoblin is severely wounded.
The hobgoblin hits you but does no damage.
You completely miss the hobgoblin.
The hobgoblin is severely wounded.
The hobgoblin closely misses you.
You hit the hobgoblin.
You kill the hobgoblin!
No target in view!
No target in view!
No target in view!
No target in view!
Found a radiant altar of Vehumet.
Found a leather armour.
You now have 84 gold pieces (gained 10).
No target in view!
You now have 91 gold pieces (gained 7).
You hear the slow rusting of a very distant drain.
Found an escape hatch in the floor.
There is an escape hatch in the floor here.
An ogre comes into view. It is wielding a +0 giant club.
You hit the ogre.
The ogre is lightly wounded.
The ogre barely misses you.
You hit the ogre.
The ogre is moderately wounded.
The ogre hits you with a +0 giant club.
You hit the ogre.
The ogre is moderately wounded.
The ogre hits you with a +0 giant club!!
Ouch! That really hurt!
You die...

#.......# #.#
##.....## #.#
##...### #.#
##.##.######.#
#.##...........#
#.#####..#######
#.# #..# #O# #..#
.#### #@# #..# .
...# #.# #..#
#.##.####.# #..#
..........# #..#
#.##.###### #..#
#.....# #..#
####..#########..#
#.......>.....#
#............##


You could see an ogre.

Vanquished Creatures
  An adder (D:2)
  3 bats (D:1)
  4 endoplasms (D:1)
  2 goblins (D:1)
  2 hobgoblins
  2 quokkas (D:1)
  3 ball pythons
  A frilled lizard (D:2)
  A rat (D:2)
19 creatures vanquished.

Notes
Turn   | Place    | Note
-------+----------+-------------------------------------------
     0 | D:1      | Iniera the Kobold Monk began the quest for the Orb.
     0 | D:1      | Reached XP level 1. HP: 14/14 MP: 1/1
   276 | D:1      | Reached XP level 2. HP: 13/19 MP: 2/2
   317 | D:1      | Reached skill level 4 in Dodging
  1467 | D:2      | Reached XP level 3. HP: 23/23 MP: 3/3
  1983 | D:3      | Found a radiant altar of Vehumet.
  2026 | D:3      | Noticed an ogre
  2030 | D:3      | Slain by an ogre

Illustrated notes

Levels and vault maps discovered:
D:1:      nzn_arrival_water_spiral, layout_basic
D:2:      layout_basic, grunt_decor_cap
D:3:      layout_loops_ring, lemuel_round_altar, cheibrodos_sewer_entry_drain

Skill      XL: |  1  2 |
---------------+-------+-----
Dodging        | 4 |  4.4
Fighting       | |  3.6
Long Blades    | |  2.7

Action                     || total
---------------------------++-------
  Melee: Falchion          ||    60
   Stab: Sleeping          ||     4
 Armour: Robe              ||     6
         Pearl dragon scal ||    13
  Dodge: Dodged            ||    50

Table legend: (Time is in decaauts)
 A = Elapsed time spent in this place.
 B = Non-inter-level travel time spent in this place.
 C = Inter-level travel time spent in this place.
 D = Time resting spent in this place.
 E = Time spent auto-exploring this place.
 F = Levels seen in this place.
 G = Mean time per level.
                   A        B        C        D        E       F      G
               +--------+--------+--------+--------+--------+-----+--------+
         Total |   2046 |   1930 |    116 |      0 |   1733 |   3 |  682.0 |
       Dungeon |   2046 |   1930 |    116 |      0 |   1733 |   3 |  682.0 |
               +--------+--------+--------+--------+--------+-----+--------+

Top non-repeatable levels by time:
     D:2: 1019 daAuts
     D:1: 951 daAuts
     D:3: 75 daAuts
